 Dungeon Crawl Stone Soup version 0.29-a0-378-gc08b2e8bf8 (webtiles) character file.

Game seed: 15427281167375085325

90 zeratav the Skirmisher (level 4, -4/30 HPs)
             Began as a Kobold Enchanter on May 4, 2022.
             Was an Initiate of Wu Jian.
             Slain by a gnoll
             ... wielding a +0 flail
              (12 damage)
             ... on level 3 of the Dungeon.
             The game lasted 00:02:16 (1798 turns).

zeratav the Skirmisher (Kobold Enchanter)           Turns: 1798, Time: 00:02:17

Health: -4/30      AC:  5    Str:  5    XL:     4   Next: 85%
Magic:  7/7        EV: 15    Int: 16    God:    Wu Jian [......]
Gold:   147        SH:  0    Dex: 17    Spells: 7/7 levels left

rFire   . . .      SeeInvis .   f - +0 short sword (freeze) {short}
rCold   . . .      Faith    .   (no shield)
rNeg    . . .      Spirit   .   b - +0 robe
rPois   .          Reflect  .   (no helmet)
rElec   .          Harm     .   (no cloak)
rCorr   .          Rampage  .   d - +0 pair of gloves
Will    .....                   v - +1 pair of boots
Stlth   ++++......              (no amulet)
HPRegen 0.10/turn               (no ring)
MPRegen 0.10/turn               (no ring)

@: studying Fire Magic
A: small, no large weapons, nightstalker 3
a: Renounce Religion


You were on level 3 of the Dungeon.
You worshipped Wu Jian.
Wu Jian was noncommittal.
You visited 1 branch of the dungeon, and saw 3 of its levels.

You collected 147 gold pieces.


Innate Abilities, Weirdness & Mutations

You are small and have problems with some larger weapons.
You are completely attuned to the shadows.


   Skills:
 + Level 4.4 Fighting
 - Level 1.3 Short Blades
 - Level 2.4 Dodging
 - Level 4.0 Stealth
 - Level 2.1 Spellcasting
 - Level 3.0 Hexes


You had 7 spell levels left.
You didn't know any spells.
Your spell library contained the following spells:

 Spells                   Type           Power      Damage    Failure   Level
 Ensorcelled Hibernation  Hex/Ice        12%        N/A       17%         2
 Confusing Touch          Hex            11%        N/A       19%         3
 Tukima's Dance           Hex            11%        N/A       19%         3
 Dazzling Flash           Conj/Hex       12%        N/A       32%         3

Inventory:

Hand Weapons
 f - a +0 short sword of freezing (weapon) {short}
   (You took it off a kobold on level 1 of the Dungeon)
Armour
 b - a +0 robe (worn)
 d - a +0 pair of gloves (worn)
   (You found it on level 1 of the Dungeon)
 g - a +0 leather armour
   (You took it off a hobgoblin on level 3 of the Dungeon)
 v - a +1 pair of boots (worn)
   (You found it on level 2 of the Dungeon)
Scrolls
 h - a scroll of blinking {unknown}
 l - a scroll of summoning {unknown}
 n - a scroll of enchant armour {unknown}
 q - a scroll of amnesia {unknown}
 r - 3 scrolls of identify {unknown}
 s - a scroll of teleportation {unknown}
 u - a scroll of noise {unknown}
Potions
 a - a potion of flight {unknown}
 c - 2 potions of invisibility
 e - a potion of mutation {unknown}
 i - a potion of might {unknown}
 j - a potion of lignification {unknown}
 k - a potion of brilliance {unknown}
 t - a potion of curing {unknown}

Dungeon Overview and Level Annotations

Branches:
Dungeon (3/15)

Altars:
Wu Jian

####.....[# #.#...#
..........###.....#
.....###.......)..#
.....###########.##
.......... #.#
.)...##### #.#
#'#### ##.#### #†#
#...... #.####
#.@.... ......#
#)g.... ......#
.g...... ......#
.S....... ......#
......... ......#
#'##### #.# #.#


You could see 2 gnolls and a ball python.


Message History

No target in view!
No target in view!
No target in view!
No target in view!
A goblin comes into view. It is wielding a +0 dagger.
HP[+1]
A goblin is nearby!
Unknown command.
The goblin shouts!
Things that are here:
a +0 leather armour; a hobgoblin corpse You lunge at the goblin.
You puncture the goblin! You freeze the goblin.
You kill the goblin!
The Council accepts your kill.
There is an open door here.
No target in view!
No target in view!
No target in view!
No target in view!
No target in view!
No target in view!
No target in view!
No target in view!
No target in view!
No target in view!
No target in view!
No target in view!
No target in view!
No target in view!
No target in view!
No target in view!
Things that are here:
a +0 dagger {short}; a goblin corpse; HP[+1]
Your hp is fully restored (29).
There is an open door here.
g - a +0 leather armour You see here a hobgoblin corpse.
There is an open door here.
k - a golden potion A gnoll comes into view.
It is wielding a +0 club.
You catch the helpless gnoll completely off-guard!
You puncture the gnoll! You freeze the gnoll.
You kill the gnoll!
The Council accepts your kill.
No target in view!
No target in view!
No target in view!
No target in view!
No target in view!
No target in view!
No target in view!
No target in view!
No target in view!
No target in view!
No target in view!
No target in view!
No target in view!
No target in view!
No target in view!
No target in view!
No target in view!
Things that are here:
a +0 club {mace}; a gnoll corpse A gnoll comes into view.
It is wielding a +0 halberd.
The gnoll moves out of view.
A gnoll is nearby!
A bat comes into view.
Unknown command.
You lunge at the bat.
The helpless bat fails to defend itself.
You puncture the bat! You freeze the bat.
You kill the bat!
The Council accepts your kill.
You barely miss the gnoll.
The gnoll shouts!
You hear a shout!
The gnoll completely misses you.
You closely miss the gnoll. The gnoll barely misses you.
You puncture the gnoll! You freeze the gnoll.
The gnoll hits you with a +0 halberd!
A gnoll comes into view. It is wielding a +0 flail.
HP[-8]
You take 8 damage, and now have 21/29 hp.
MASSIVE DAMAGE!! (PAUSE)
You hit the gnoll but do no damage.
A gnoll comes into view. It is wielding a +0 spear.
The gnoll misses you.
You closely miss the gnoll. The gnoll hits you with a +0 halberd!
* * * LOW HITPOINT WARNING * * *
A ball python comes into view.
HP[-13]
You take 13 damage, and now have 8/29 hp.
MASSIVE DAMAGE!! (PAUSE)
The ball python hisses angrily.
You hit the gnoll. You freeze the gnoll.
You kill the gnoll!
The Council accepts your kill. The gnoll closely misses you.
The gnoll barely misses you.
You now have 30 max hp (+1).
The gnoll attacks as you move away! The gnoll hits you with a +0 flail!
You die...

Skill      XL: |  1  2  3  4 |
---------------+-------------+-----
Fighting       | 1 2 3 4 |  4.4
Short Blades   | |  1.3
Dodging        | |  2.4
Stealth        | |  4.0
Spellcasting   | |  2.1
Hexes          | |  3.0

Action                   |  1- 3 |  4- 6 || total
-------------------------+-------+-------++-------
Melee: Short sword       |    53 |    41 ||    94
       Dagger            |     2 |       ||     2
Invok: Lunge             |     2 |    10 ||    12
 Stab: Sleeping          |    17 |     6 ||    23
       Distracted        |       |     1 ||     1
Armor: Robe              |     7 |       ||     7
Dodge: Dodged            |    18 |    20 ||    38

Levels and vault maps discovered:
D:1:      minmay_arrival_checkered_box, layout_loops_ring,
          ebering_ecumenical_altar_box, skrybe_limestone_x
D:2:      layout_basic, basic_altar
D:3:      layout_basic, grunt_temple_overflow_gold_and_silver,
          mainiacjoe_overflow_alcove_2

Notes
Turn   | Place    | Note
-------+----------+-------------------------------------------
     0 | D:1      | zeratav the Kobold Enchanter began the quest for the Orb.
     0 | D:1      | Reached XP level 1. HP: 10/10 MP: 3/3
     0 | D:1      | magus.rc [v1.9.6]
    30 | D:1      | Reached skill level 1 in Fighting
    56 | D:1      | Reached XP level 2. HP: 16/16 MP: 5/5
    91 | D:1      | Reached skill level 2 in Fighting
   368 | D:1      | Found a faded altar of an unknown god.
   429 | D:1      | Reached XP level 3. HP: 19/22 MP: 6/6
   819 | D:2      | Reached skill level 3 in Fighting
  1051 | D:2      | Found an ornate altar of the Wu Jian Council.
  1056 | D:2      | Became a worshipper of the Wu Jian Council
  1077 | D:2      | Reached XP level 4. HP: 26/28 MP: 7/7
  1515 | D:2      | Reached skill level 4 in Fighting
  1798 | D:3      | Slain by a gnoll

Vanquished Creatures
  2 gnolls (D:3)
  An adder (D:2)
  3 worms (D:2)
  2 dart slugs (D:1)
  7 endoplasms
  2 giant cockroaches (D:1)
  6 hobgoblins
  3 ball pythons (D:1)
  4 bats
  3 frilled lizards
  7 goblins
  5 kobolds
  3 rats
48 creatures vanquished.

Table legend:
 A = Non-vault XP
 B = Vault XP
 C = Vault XP percentage of total XP
 D = Non-vault monster count
 E = Vault monster count
 F = Vault count percentage of total count
                 A         B        C        D         E       F
            +---------+---------+-------+---------+---------+-------
      Total |     129 |       0 |   0.0 |      48 |       0 |   0.0
            +---------+---------+-------+---------+---------+-------
        D:1 |      39 |       0 |   0.0 |      22 |       0 |   0.0
        D:2 |      56 |       0 |   0.0 |      21 |       0 |   0.0
        D:3 |      34 |       0 |   0.0 |       5 |       0 |   0.0
            +---------+---------+-------+---------+---------+-------

Illustrated notes

Table legend:
 A = Kills in this place as a percentage of kills in entire the game.
 B = Kills by you in this place as a percentage of kills by you in the entire game.
 C = Kills by friends in this place as a percentage of kills by friends in the entire game.
 D = Other kills in this place as a percentage of other kills in the entire game.
 E = Experience gained in this place as a percentage of experience gained in the entire game.
 F = Experience gained in this place divided by the number of levels of this place that you have seen.
                   A       B       C       D       E      F
               +-------+-------+-------+-------+-------+----------------------
         Total | 100.0 | 100.0 |   N/A |   N/A | 100.0 |  43.0
       Dungeon | 100.0 | 100.0 |   N/A |   N/A | 100.0 |  43.0
               +-------+-------+-------+-------+-------+----------------------

Table legend: (Time is in decaauts)
 A = Elapsed time spent in this place.
 B = Non-inter-level travel time spent in this place.
 C = Inter-level travel time spent in this place.
 D = Time resting spent in this place.
 E = Time spent auto-exploring this place.
 F = Levels seen in this place.
 G = Mean time per level.
                   A        B        C        D        E       F      G
               +--------+--------+--------+--------+--------+-----+--------+
         Total |   1800 |   1769 |     31 |      0 |   1480 |   3 |  600.0 |
       Dungeon |   1800 |   1769 |     31 |      0 |   1480 |   3 |  600.0 |
               +--------+--------+--------+--------+--------+-----+--------+

Top non-repeatable levels by time:
     D:2: 913 daAuts
     D:1: 799 daAuts
     D:3: 87 daAuts
